 Dungeon Crawl Stone Soup version 0.25.0-26-g0c896c7088 (webtiles) character file.

Game seed: 10649361205259992009

1751 Exodus22XD the Poker (level 8, -1/61 HPs)
             Began as a Demonspawn Gladiator on July 4, 2020.
             Killed from afar by an electric eel (10 damage)
             ... with a bolt of electricity
             ... on level 7 of the Dungeon.
             The game lasted 00:17:58 (8779 turns).

Exodus22XD the Poker (Demonspawn Gladiator)         Turns: 8779, Time: 00:17:59

Health: -1/61      AC:  7    Str: 20    XL:     8   Next: 78%
Magic:  8/8        EV: 14    Int:  9    God:
Gold:   368        SH:  5    Dex: 16    Spells: 7/7 levels left

rFire    + . .     SeeInvis .   a - +0 trident
rCold    . . .     Gourm    .   p - +0 buckler
rNeg     . . .     Faith    +   I - +1 robe of Wariness {rPois rF+ Str+4} (curse)
rPois    +         Spirit   .   (helmet restricted)
rElec    .         Reflect  .   B - +1 cloak
rCorr    .         Harm     .   D - +0 pair of gloves
MR       .....                  t - +0 pair of boots
Stlth    ++........             j - amulet of faith
HPRegen  0.20/turn              i - ring of wizardry
MPRegen  0.11/turn              (no ring)

@: no status effects
A: horns 2, talons 1, demonic guardian 1, powered by death 1
a: no special abilities


You were on level 7 of the Dungeon.
You were not hungry.

You visited 1 branch of the dungeon, and saw 7 of its levels.
You also visited: Sewer.

You collected 368 gold pieces.

Inventory:

Hand Weapons
 a - a +0 trident (weapon)
 v - a +1 halberd of freezing
 A - the +4 dagger "Morg" {pain, MR+ Int+5}
   (You found it on level 6 of the Dungeon)

   In the hands of one skilled in necromantic magic, it inflicts extra damage on
   living creatures.
   It affects your intelligence (+5).
   It affects your resistance to hostile enchantments.
Missiles
 d - 6 throwing nets (quivered)
Armour
 p - a +0 buckler (worn)
 t - a +0 pair of boots (worn)
 y - a +0 scale mail
 B - a +1 cloak (worn)
 D - a +0 pair of gloves (worn)
 I - the cursed +1 robe of Wariness (worn) {rPois rF+ Str+4}
   (You found it on level 7 of the Dungeon)

   It affects your strength (+4).
   It protects you from fire.
   It protects you from poison.
   It has a curse placed upon it.
Jewellery
 i - a ring of wizardry (left hand)
 j - an amulet of faith (around neck)
 F - an uncursed ring of ice
Wands
 q - a wand of clouds (5)
 u - a wand of flame (19)
 z - a wand of random effects (16)
Scrolls
 c - 2 scrolls of fear
 e - 9 scrolls of remove curse
 g - 2 scrolls of blinking
 h - 3 scrolls of fog
 k - a scroll of enchant armour
 l - 5 scrolls of teleportation
 m - a scroll of amnesia {unknown}
 o - 2 scrolls of immolation {unknown}
 w - 2 scrolls of enchant weapon {unknown}
 C - a scroll of magic mapping {unknown}
 G - a scroll of random uselessness {unknown}
 H - a scroll of brand weapon {unknown}
Potions
 b - 2 potions of brilliance
 n - a potion of mutation {unknown}
 r - a potion of invisibility
 s - 4 potions of flight
 x - a potion of haste {unknown}
 E - a potion of resistance {unknown}
Comestibles
 f - 7 rations


   Skills:
 + Level 4.5 Fighting
 + Level 7.4 Polearms
 + Level 1.8 Throwing
 + Level 4.2 Armour
 + Level 4.0 Dodging
 + Level 2.5 Stealth
 + Level 2.5 Shields


You had 7 spell levels left.
You didn't know any spells.
Your spell library contained the following spells:

 Spells                   Type           Power        Failure   Level  Hunger
 Magic Dart               Conj           #...         19%         1    ##.....
 Searing Ray              Conj           #.....       28%         2    ###....
 Dazzling Flash           Conj/Hex       #.....       47%         3    ####...
 Fulminant Prism          Conj/Hex       #.........   86%         4    #####..
 Iskenderun's Mystic Bla  Conj/Tloc      #.......     86%         4    #####..


Dungeon Overview and Level Annotations

Branches:
Dungeon (7/15)              Sewer (visited)
 Temple: D:4-7

Altars:
Ashenzari
Elyvilon
Kikubaaqudgha
Okawaru
Trog

Shops:
D:5 *

Annotations:
D:5 3 runed translucent doors, voshxx's ghost, novice OpTm


Innate Abilities, Weirdness & Mutations

You have a pair of horns on your head.
You have sharp toenails.
A weak demonic guardian rushes to your aid.
You regenerate a little health from kills.


Message History

The bolt of electricity hits you!
The electric eel shoots out a bolt of lightning at you!
The bolt of electricity hits you! The bolt of electricity hits you.
The bolt of electricity hits the electric eel.
The electric eel completely resists.
Attack whom?
Press: ? - help, Dir - move target cursor, f - electric eel
Aim: an electric eel You reach to attack!
You barely miss the electric eel.
The electric eel shoots out a bolt of lightning at you!
The bolt of electricity hits you. x2
* * * LOW HITPOINT WARNING * * *
The bolt of electricity hits the electric eel.
The electric eel completely resists.
Okay, then.
The electric eel shoots out a bolt of lightning at you!
The bolt of electricity hits you!
* * * LOW HITPOINT WARNING * * *
The bolt of electricity hits you!
You die...

#.≈≈≈≈#...(..#≈≈≈≈.#
...≈≈≈≈........≈;≈..P
###### ..≈≈≈≈#......#≈≈≈P..
#≈≈##...P≈≈.###....###.≈≈..
#P≈≈##.##.≈≈≈#.....(#≈Z≈≈PZ
#.P≈≈##.##.;≈......(.≈≈≈≈≈.
#..≈≈≈##5.≈≈≈#.....(#≈≈≈≈P#
#P..≈≈≈##.#≈###....###≈≈...
####P.≈≈##@≈.#...)..#≈≈P..#
#..#.≈≈≈≈##≈≈.......≈≈..###
#..#≈≈≈≈≈≈##≈≈......≈.###≈.
#..#≈≈≈≈≈≈≈###.....≈≈##≈≈≈P
#..#.≈≈≈≈≈≈≈####'#####≈≈≈≈.
#'##..≈≈≈≈≈≈≈≈##..##≈≈≈≈≈≈≈
#P..PP.≈≈≈≈≈≈###''###≈≈≈≈≈≈
#######≈≈≈≈≈###....# ####≈≈
#≈≈≈≈≈≈≈≈≈≈≈# #....# #≈≈≈≈.


You could see an electric eel and a friendly quasit (summoned).

Vanquished Creatures
  An ice beast (D:5)
  An orc warrior (D:6)
  A black bear (D:6)
  A phantom (D:5)
  An ogre (D:6)
  2 centaurs (D:7)
  A big kobold (D:5)
  2 bullfrogs
  3 electric eels (D:7)
  A jelly (D:6)
  2 gnoll shamans
  3 orc priests (D:5)
  3 hounds
  6 orc wizards
  A centaur skeleton (D:2)
  An iguana (D:4)
  2 worker ants (D:5)
  A hound skeleton (D:4)
  A howler monkey zombie (D:7)
  14 gnolls
  An adder (D:3)
  A shadow imp (D:6)
  5 oozes
  4 worms
  2 dart slugs (D:1)
  10 leopard geckos
  16 orcs
  5 ball pythons
  18 bats
  2 bat zombies (D:7)
  6 giant cockroaches
  6 goblins
  9 hobgoblins
  6 jackals
  3 quokkas
  2 frilled lizards
  A jackal skeleton (D:4)
  11 kobolds
  A quokka skeleton (D:5)
  8 rats
  2 rat zombies (D:7)
  A plant (D:5)
168 creatures vanquished.

Vanquished Creatures (collateral kills)
  An orc warrior (D:6)
  A hound zombie (D:6)
  A gnoll (D:6)
  An adder (D:6)
  4 orcs
8 creatures vanquished.

Grand Total: 176 creatures vanquished

Notes
Turn   | Place    | Note
-------+----------+-------------------------------------------
     0 | D:1      | Exodus22XD the Demonspawn Gladiator began the quest for the
                  | Orb.
     0 | D:1      | Reached XP level 1. HP: 16/16 MP: 1/1
   263 | D:1      | Gained mutation: You have sharp toenails. [demonic
                  | ancestry]
   263 | D:1      | Reached XP level 2. HP: 22/22 MP: 2/2
   266 | D:1      | Reached skill level 3 in Polearms
   775 | D:1      | Gained mutation: You regenerate a little health from kills.
                  | [demonic ancestry]
   775 | D:1      | Reached XP level 3. HP: 27/27 MP: 3/3
   932 | D:1      | You fall into a shaft and drop 1 floor!
  1306 | D:2      | Gained mutation: You have a pair of small horns on your
                  | head. [demonic ancestry]
  1306 | D:2      | Reached XP level 4. HP: 25/34 MP: 4/4
  1480 | D:2      | Found a faded altar of an unknown god.
  2003 | D:3      | Found a white marble altar of Elyvilon.
  2154 | D:3      | Reached skill level 1 in Armour
  2169 | D:3      | Gained mutation: You have a pair of horns on your head.
                  | [demonic ancestry]
  2169 | D:3      | Reached XP level 5. HP: 16/40 MP: 5/5
  3242 | D:4      | Reached skill level 4 in Polearms
  3352 | D:4      | Gained mutation: A weak demonic guardian rushes to your
                  | aid. [demonic ancestry]
  3352 | D:4      | Reached XP level 6. HP: 34/47 MP: 6/6
  3777 | D:5      | Entered Level 5 of the Dungeon
  3803 | D:5      | Reached skill level 1 in Stealth
  3924 | D:5      | Found a runed translucent gate.
  3924 | D:5      | Found a runed translucent gate.
  3931 | D:5      | Found a runed translucent gate.
  3931 | D:5      | Noticed voshxx's ghost (novice OpTm)
  4355 | D:5      | Found a glowing drain.
  4359 | D:5      | Reached skill level 5 in Polearms
  4372 | Sewer    | Entered a sewer
  4719 | Sewer    | Reached XP level 7. HP: 52/52 MP: 7/7
  5107 | D:5      | Found Rireont's Lightly-Used Armoury.
  5148 | D:5      | Reached skill level 1 in Shields
  5441 | D:5      | Found an iron altar of Okawaru.
  5920 | D:6      | Found the +4 dagger "Morg" {pain, MR+ Int+5}
  6077 | D:6      | Reached skill level 6 in Polearms
  6408 | D:6      | Reached XP level 8. HP: 46/60 MP: 8/8
  6585 | D:6      | Found a bloodstained altar of Trog.
  7417 | D:6      | Reached skill level 7 in Polearms
  7570 | D:7      | Found a shattered altar of Ashenzari.
  7712 | D:7      | Got a shadowed robe
  7723 | D:7      | Identified the cursed +1 robe of Wariness {rPois rF+ Str+4}
                  | (You found it on level 7 of the Dungeon)
  8099 | D:7      | Found an ancient bone altar of Kikubaaqudgha.
  8779 | D:7      | Killed from afar by an electric eel

Illustrated notes

Levels and vault maps discovered:
D:1:      saegor_arrival_simple_a, layout_basic, minmay_misc_feat_room,
          st_stairs_4
D:2:      layout_loops_ring, chequers_ecumenical_altar_island,
          minmay_pentomino_pile
D:3:      layout_loops_ring, elyvilon_altar_5, first_ration
D:4:      layout_basic
D:5:      layout_basic, okawaru_trees_1, ebering_ghost_rock_garden,
          enter_ossuary_1, portal_sewer_entry_b, minmay_shop_damaged,
          minmay_misc_feat_enclosed, lexackson_kobold_supper
D:6:      layout_loops_ring, kennysheep_mini_moat
D:7:      wad_lake_hut, layout_basic, ashenzari_conservatory_becter,
          lemuel_zombie_altar_kikubaaqudgha,
          minmay_temple_entry_statues_fountains

Skill      XL: |  1  2  3  4  5  6  7  8 |
---------------+-------------------------+-----
Dodging        | 3 4 |  4.0
Polearms       | 3 4 5 6 7 |  7.4
Armour         | 1 2 3 4 |  4.2
Fighting       | 3 4 |  4.5
Stealth        | 1 2 |  2.5
Shields        | 2 |  2.5
Throwing       | |  1.8

Action                   |  1- 3 |  4- 6 |  7- 9 || total
-------------------------+-------+-------+-------++-------
Melee: Trident           |   109 |   278 |   317 ||   704
       Kick              |    14 |     2 |       ||    16
       Headbutt          |       |    35 |    44 ||    79
  Use: Potion            |       |     4 |     3 ||     7
       Scroll            |       |     7 |     3 ||    10
 Stab: Sleeping          |     3 |       |       ||     3
       Distracted        |       |     1 |     2 ||     3
       Invisible         |       |       |     1 ||     1
  Eat: Chunk             |     1 |     8 |    11 ||    20
       Ration            |       |     1 |     1 ||     2
Armor: Leather armour    |    24 |       |       ||    24
       Ring mail         |    11 |    20 |       ||    31
       Scale mail        |       |    68 |    72 ||   140
       Robe              |       |       |     4 ||     4
Dodge: Dodged            |    66 |   121 |    89 ||   276
Block: Buckler           |     3 |    28 |    46 ||    77
